 Dungeon Crawl Stone Soup version 0.25.1-8-g42b30a86e7 (webtiles) character file.

Game seed: 12361530212656164792

835 Gabide the Shooter (level 7, -1/57 HPs)
             Began as a Demigod Hunter on Dec 27, 2020.
             Slain by an orc warrior
             ... wielding a +0 long sword
              (13 damage)
             ... on level 5 of the Dungeon.
             The game lasted 00:14:21 (5517 turns).

Gabide the Shooter (Demigod Hunter)                 Turns: 5517, Time: 00:14:22

Health: -1/57      AC:  9    Str: 19    XL:     7   Next: 39%
Magic:  9/9        EV: 12    Int: 15    God:
Gold:   179        SH:  0    Dex: 16    Spells: 6/6 levels left

rFire    . . .     SeeInvis .   a - +2 shortbow
rCold    . . .     Gourm    .   (shield currently unavailable)
rNeg     . . .     Faith    .   i - +1 ring mail
rPois    .         Spirit   .   p - +0 helmet
rElec    .         Reflect  .   (no cloak)
rCorr    .         Harm     .   b - +1 pair of gloves
MR       +....                  (no boots)
Stlth    +.........             (no amulet)
HPRegen  0.19/turn              m - ring of protection from magic
MPRegen  0.11/turn              (no ring)

@: about to teleport
A: high mp 1
a: no special abilities


You were on level 5 of the Dungeon.
You were hungry.

You visited 1 branch of the dungeon, and saw 5 of its levels.

You collected 179 gold pieces.

Inventory:

Hand Weapons
 a - a +2 shortbow (weapon)
 n - a +2 whip of freezing
Missiles
 g - 16 arrows (quivered)
Armour
 b - a +1 pair of gloves (worn)
 i - a +1 ring mail (worn)
 p - a +0 helmet (worn)
Jewellery
 m - a ring of protection from magic (left hand)
Scrolls
 d - a scroll of identify
 h - 2 scrolls of immolation
 j - 3 scrolls of remove curse
Potions
 c - a potion of haste
 k - 2 potions of curing
Comestibles
 f - 3 rations


   Skills:
 + Level 3.1 Fighting
 * Level 7.4 Bows
 + Level 2.2 Armour
 + Level 2.2 Dodging
 - Level 0.8 Stealth
 - Level 2.2 Unarmed Combat


You had 6 spell levels left.
You didn't know any spells.
Your spell library contained the following spells:

 Spells                   Type           Power        Failure   Level  Hunger
 Animate Skeleton         Necr           N/A          41%         1    ##.....
 Apportation              Tloc           #.....       41%         1    ##.....
 Corona                   Hex            #......      41%         1    ##.....
 Magic Dart               Conj           #...         41%         1    ##.....
 Summon Small Mammal      Summ           #...         41%         1    ##.....
 Ensorcelled Hibernation  Hex/Ice        #.....       56%         2    ###....
 Searing Ray              Conj           #.....       56%         2    ###....
 Confusing Touch          Hex            #.......     80%         3    ####...
 Dazzling Flash           Conj/Hex       #.....       80%         3    ####...
 Gell's Gravitas          Tloc           #.........   80%         3    ####...
 Tukima's Dance           Hex            #.......     80%         3    ####...
 Fulminant Prism          Conj/Hex       #.........   99%         4    #####..
 Iskenderun's Mystic Bla  Conj/Tloc      #.......     99%         4    #####..
 Petrify                  Tmut/Erth      #.......     99%         4    #####..
 Metabolic Englaciation   Hex/Ice        #.........   100%        5    ######.
 Yara's Violent Unravell  Hex/Tmut       #.........   100%        5    ######.


Dungeon Overview and Level Annotations

Branches:
Dungeon (5/15)
 Temple: D:4-7

Shops:
D:4 !

Annotations:
D:2 Sigmund
D:5 Eustachio


Innate Abilities, Weirdness & Mutations

You have an increased reservoir of magic. (+10% MP)


Message History

Eustachio mumbles some strange words.
The orc warrior hits you with a +0 great sword!!
The orc warrior hits you with a +0 long sword!
* * * LOW HITPOINT WARNING * * *
Unknown command.
Eustachio gestures wildly while chanting.
Eustachio mumbles some strange words.
The bat disappears in a puff of smoke!
The orc warrior hits you but does no damage.
The bat barely misses you.
The crimson imp blinks!
The ufetubus barely misses you.
The ufetubus hits you but does no damage.
As you read the scroll of teleportation, it crumbles to dust.
You feel strangely unstable. The bat hits you but does no damage.
The ufetubus hits you.
* * * LOW HITPOINT WARNING * * *
The ufetubus closely misses you.
The crimson imp grins evilly.
The orc warrior hits you with a +0 long sword!
You die...

# #######.#
#.....#.##
#........#..
#.@b.........
#.5o........##
##o5.....(..#)
#..........##
#r5.r........
#...b((......
#..@.)..........
##.......(......
##..(.(##......


You could see Eustachio, 2 orc warriors, a crimson imp (summoned), a river rat
(summoned), a white imp (summoned), an ufetubus (summoned), a quokka (summoned)
and 2 bats.

Vanquished Creatures
  Pikel (D:4)
  4 slaves (D:3)
  An ogre (D:4)
  The ghost of kthxbai the Conjurer, an amateur DECj (D:3)
  Blork the orc (D:5)
  A hound (D:4)
  Jessica (D:2)
  Natasha (D:4)
  4 adders
  An adder zombie (D:3)
  A worm (D:2)
  A dart slug (D:1)
  2 leopard geckos (D:1)
  6 orcs (D:3)
  11 bats
  A giant cockroach (D:4)
  6 goblins
  5 hobgoblins
  8 jackals (D:1)
  6 kobolds
  A quokka (D:2)
  A ball python (D:1)
  3 frilled lizards
  A jackal skeleton (D:3)
  A jackal zombie (D:3)
  A quokka zombie (D:5)
  6 rats
77 creatures vanquished.

Notes
Turn   | Place    | Note
-------+----------+-------------------------------------------
     0 | D:1      | Gabide the Demigod Hunter began the quest for the Orb.
     0 | D:1      | Reached XP level 1. HP: 17/17 MP: 3/3
   293 | D:1      | Reached skill level 4 in Bows
   325 | D:1      | Reached XP level 2. HP: 24/24 MP: 4/4
   866 | D:1      | Reached XP level 3. HP: 29/29 MP: 5/5
  1031 | D:2      | Noticed Jessica
  1035 | D:2      | Killed Jessica
  1041 | D:2      | Reached skill level 5 in Bows
  1264 | D:2      | Reached XP level 4. HP: 36/36 MP: 6/6
  1375 | D:2      | Noticed Sigmund
  2910 | D:3      | Found a runed translucent gate.
  2910 | D:3      | Found a runed translucent gate.
  2910 | D:3      | Found a runed translucent gate.
  2915 | D:3      | Noticed kthxbai's ghost (amateur DECj)
  3217 | D:3      | Killed kthxbai's ghost
  3217 | D:3      | Reached skill level 1 in Armour
  3217 | D:3      | Reached skill level 1 in Unarmed Combat
  3217 | D:3      | Reached XP level 5. HP: 15/41 MP: 7/7
  3631 | D:4      | Found Jeudan's Distillery.
  3631 | D:4      | Noticed a slave
  3636 | D:4      | Noticed a slave
  3636 | D:4      | Noticed a slave
  3637 | D:4      | Noticed a slave
  3853 | D:3      | Killed a slave
  3972 | D:3      | Killed a slave
  4164 | D:3      | Killed a slave
  4410 | D:3      | Killed a slave
  4692 | D:4      | Noticed Natasha
  4700 | D:4      | Killed Natasha
  4990 | D:4      | Noticed Pikel
  5002 | D:4      | Killed Pikel
  5002 | D:4      | Reached skill level 6 in Bows
  5002 | D:4      | Reached XP level 6. HP: 37/51 MP: 8/8
  5002 | D:4      | Reached XP level 7. HP: 42/57 MP: 9/9
  5266 | D:4      | Reached skill level 7 in Bows
  5418 | D:5      | Entered Level 5 of the Dungeon
  5465 | D:5      | Noticed Blork the orc
  5465 | D:5      | Noticed Eustachio
  5473 | D:5      | Killed Blork the orc
  5517 | D:5      | Slain by an orc warrior

Illustrated notes

Levels and vault maps discovered:
D:1:      elethiomel_arrival_maze, layout_basic
D:2:      wander_river, layout_rooms, hangedman_decor_points, uniq_jessica,
          uniq_sigmund
D:3:      layout_basic, gammafunk_ghost_necromancy
D:4:      layout_basic, first_ration, serial_shops, shop, corexii_checkpoint_a,
          uniq_natasha, uniq_pikel
D:5:      layout_rooms, corexii_checkpoint_a, sword_in_stone,
          uniq_crazy_yiuf_cottage

Skill      XL: |  1  2  3  4  5  6  7 |
---------------+----------------------+-----
Bows           | 4 5 6 7 |  7.4
Fighting       | 2 3 |  3.1
Armour         | 1 2 |  2.2
Unarmed Combat | 1 2 |  2.2
Dodging        | 2 |  2.2
Stealth        | |  0.8

Action                   |  1- 3 |  4- 6 |  7- 9 || total
-------------------------+-------+-------+-------++-------
Melee: Unarmed           |    13 |   130 |       ||   143
       Whip              |       |       |     5 ||     5
 Fire: Shortbow          |   102 |   121 |    24 ||   247
  Use: Scroll            |     1 |    12 |     3 ||    16
       Potion            |       |     2 |       ||     2
  Eat: Chunk             |     1 |     2 |       ||     3
       Ration            |       |     3 |       ||     3
Armor: Leather armour    |     5 |       |       ||     5
       Ring mail         |    11 |    63 |    19 ||    93
Dodge: Dodged            |    37 |   108 |    27 ||   172
